 Dungeon Crawl Stone Soup version 0.30-a0-719-gcc4359ea44 (webtiles) character file.

Game seed: 5299451331473713467

907 Hubris850 the Covered (level 7, -3/59 HPs)
             Began as a Minotaur Fighter on Jan 24, 2023.
             Was a Follower of Yredelemnul.
             Killed by divine providence
             ... invoked by an orc priest
              (7 damage)
             ... on level 4 of the Dungeon on Jan 26, 2023.
             The game lasted 00:10:14 (3889 turns).

Hubris850 the Covered (Minotaur Fighter)            Turns: 3889, Time: 00:10:15

Health: -3/59      AC: 15    Str: 22    XL:     7   Next: 81%
Magic:  7/7        EV: 10    Int:  5    God:    Yredelemnul [*.....]
Gold:   200        SH:  8    Dex: 10    Spells: 6/6 levels left

rFire   . . .      SeeInvis +    G - +0 broad axe
rCold   . . .      Faith    .    H - +0 kite shield
rNeg    . . .      Spirit   .    f - +0 plate armour
rPois   .          Reflect  .    (helmet restricted)
rElec   .          Harm     .    (no cloak)
rCorr   .          Rampage  .    m - +0 pair of gloves
Will    .....                    J - +0 pair of boots Stlth
                                 j - amulet of magic regeneration
HPRegen 0.29/turn                i - ring of see invisible
MPRegen 0.50/turn                p - +5 ring of evasion

@: no status effects
A: horns 2, retaliatory headbutt
a: Renounce Religion, Recall Undead Harvest


You were on level 4 of the Dungeon.
You worshipped Yredelemnul.
Yredelemnul was noncommittal.
You visited 1 branch of the dungeon, and saw 5 of its levels.

You collected 200 gold pieces.

Inventory:

Hand Weapons
 a - a +0 war axe
 x - a +0 battleaxe
 G - a +0 broad axe (weapon)
Missiles
 o - 5 boomerangs (quivered)
 A - 3 throwing nets
 D - 6 boomerangs of dispersal
Armour
 b - a +0 scale mail
 c - a +0 buckler
 f - a +0 plate armour (worn)
 m - a +0 pair of gloves (worn)
 H - a +0 kite shield (worn)
 J - a +0 pair of boots (worn)
Jewellery
 i - a ring of see invisible (left hand)
 j - an amulet of magic regeneration (around neck)
 p - a +5 ring of evasion (right hand)
Wands
 t - a wand of roots (6)
 y - a wand of flame (22)
 I - a wand of digging (3)
Scrolls
 e - a scroll of acquirement {unknown}
 g - 6 scrolls of identify {unknown}
 h - a scroll of blinking {unknown}
 k - 3 scrolls of enchant weapon {unknown}
 q - a scroll of torment {unknown}
 s - 2 scrolls of teleportation {unknown}
 v - a scroll of amnesia {unknown}
 C - a scroll of brand weapon {unknown}
 E - 2 scrolls of noise {unknown}
 F - a scroll of fog {unknown}
 K - a scroll of enchant armour {unknown}
Potions
 d - a potion of might
 l - a potion of mutation {unknown}
 n - a potion of haste {unknown}
 r - 2 potions of curing {unknown}
 u - 2 potions of flight {unknown}
 w - a potion of cancellation {unknown}
 z - a potion of brilliance {unknown}
 B - 3 potions of lignification {unknown}


   Skills:
 - Level 4.0 Fighting
 + Level 6.0 Axes
 - Level 4.0 Throwing
 + Level 6.6 Armour
 - Level 5.0 Shields
 + Level 2.5 Invocations


You had 6 spell levels left.
You didn't know any spells.
Your spell library contained the following spells:

 Spells                   Type           Power      Damage    Failure   Level
 Summon Small Mammal      Summ           0%         N/A       100%        1
 Call Canine Familiar     Summ           0%         N/A       100%        3
 Gell's Gravitas          Tloc           0%         N/A       100%        3
 Summon Guardian Golem    Hex/Summ       0%         N/A       100%        3
 Teleport Other           Tloc           0%         N/A       100%        3
 Dispersal                Tloc           0%         N/A       100%        6


Dungeon Overview and Level Annotations

Branches:
Dungeon (5/15)             Temple (0/1) D:5

Altars:
Makhleb
Trog
Uskayaw
Yredelemnul
Zin

Shops:
D:1 :


Innate Abilities, Weirdness & Mutations

You have a pair of horns on your head.
You reflexively headbutt those who attack you in melee.


Message History

The orc hits you but does no damage.
Your orc wizard zombie hits the orc priest but does no damage.
The orc priest hits your orc wizard zombie with a +0 hand axe!
The orc priest hits your orc priest zombie with a +0 hand axe.
The orc hits you but does no damage.
Your orc priest zombie hits the orc priest but does no damage.
Your orc wizard zombie hits the orc priest but does no damage.
Okay, then.
You barely miss the orc.
The orc is lightly wounded.
The orc priest hits your orc wizard zombie with a +0 hand axe.
The orc priest hits your orc priest zombie with a +0 hand axe.
You block the orc's attack.
Your orc priest zombie hits the orc priest but does no damage.
Your orc wizard zombie barely misses the orc priest.
You barely miss the orc.
The orc is lightly wounded.
The orc priest hits your orc wizard zombie with a +0 hand axe.
The orc priest hits your orc priest zombie with a +0 hand axe.
The orc hits you with a +0 falchion.
* * * LOW HITPOINT WARNING * * *
Your orc priest zombie closely misses the orc priest.
Your orc wizard zombie hits the orc priest.
The orc priest hits your orc wizard zombie with a +0 hand axe.
Your orc wizard zombie is destroyed!
The orc priest hits your orc priest zombie with a +0 hand axe.
The orc hits you with a +0 falchion.
* * * LOW HITPOINT WARNING * * *
You hit the orc.
The orc is almost dead.
Your orc priest zombie barely misses the orc priest.
The orc closely misses you. You furiously retaliate!
You headbutt the orc!
You kill the orc!
The dead are walking!
You barely miss the orc priest.
The orc priest is lightly wounded.
The orc priest invokes the aid of Beogh against you.
Beogh smites you!
You die...
Your body rises from the dead as a mindless zombie.

######
......
......#
.......
.......#####
...........#
>......Z#
.(....#@#
##### #)o#
#.ZZ# #.#..#
#.##.# ...
.. #.. ##
##.


You could see an orc priest (ally target), a friendly orc zombie, a friendly orc
priest zombie and a friendly orc wizard zombie.

Vanquished Creatures
  A bullfrog (D:5)
  A scorpion (D:5)
  An orc priest (D:4)
  A hound (D:5)
  Natasha (thrice) (D:2)
  An iguana (D:5)
  3 orc wizards
  7 gnolls
  5 adders
  A white imp (D:5)
  3 dart slugs
  2 worms
  6 orcs
  9 bats
  8 endoplasms
  A giant cockroach (D:1)
  8 goblins
  7 hobgoblins
  3 quokkas
  5 ball pythons
  5 frilled lizards
  5 kobolds
  4 rats
90 creatures vanquished.

Vanquished Creatures (collateral kills)
  Menkaure (D:5)
  An ice beast (D:5)
  An ogre (D:5)
  A hound (D:5)
  A gnoll (D:5)
  A worm (D:3)
  A kobold (D:5)
7 creatures vanquished.

Vanquished Creatures (others)
  A bullfrog zombie (D:5)
  A hound zombie (D:5)
  An orc zombie (D:4)
  2 gnoll zombies (D:5)
5 creatures vanquished.

Grand Total: 102 creatures vanquished

Notes
Turn   | Place    | Note
-------+----------+-------------------------------------------
     0 | D:1      | Hubris850 the Minotaur Fighter began the quest for the Orb.
     0 | D:1      | Reached XP level 1. HP: 19/19 MP: 0/0
    29 | D:1      | Found Xaw Diec's Book Emporium.
    43 | D:1      | Upgraded the game from 0.30-a0-715-gdb4ae3ece1 to
                  | 0.30-a0-719-gcc4359ea44
   161 | D:1      | Reached XP level 2. HP: 25/27 MP: 1/1
   514 | D:1      | Reached XP level 3. HP: 31/33 MP: 2/2
  1180 | D:2      | Noticed Natasha
  1191 | D:2      | Killed Natasha
  1192 | D:2      | Reached XP level 4. HP: 28/40 MP: 3/3
  1503 | D:2      | Noticed Natasha
  1510 | D:2      | Killed Natasha
  1511 | D:2      | Reached skill level 1 in Throwing
  1512 | D:2      | Found a basalt altar of Yredelemnul.
  1733 | D:2      | Noticed Natasha
  1738 | D:2      | Killed Natasha
  1739 | D:2      | Reached XP level 5. HP: 42/46 MP: 4/4
  2236 | D:2      | Became a worshipper of Yredelemnul the Dark
  2396 | D:3      | Found a faded altar of an unknown god.
  2413 | D:3      | Found a faded altar of an unknown god.
  2829 | D:3      | Reached * piety under Yredelemnul
  2899 | D:3      | You fall into a shaft and drop 2 floors!
  2899 | D:5      | Entered Level 5 of the Dungeon
  2929 | D:5      | Reached skill level 5 in Shields
  2933 | D:5      | Reached skill level 5 in Armour
  2937 | D:5      | Reached XP level 6. HP: 52/52 MP: 5/5
  2954 | D:5      | Found a bloodstained altar of Trog.
  2991 | D:5      | Reached ** piety under Yredelemnul
  3012 | D:5      | Found a staircase to the Ecumenical Temple.
  3030 | D:5      | Reached skill level 5 in Axes
  3084 | D:5      | Reached XP level 7. HP: 45/59 MP: 6/6
  3220 | D:5      | Noticed Menkaure
  3221 | D:5      | Reached skill level 1 in Invocations
  3223 | D:5      | Reached *** piety under Yredelemnul
  3240 | D:5      | Killed Menkaure
  3478 | D:4      | Found a hide-covered altar of Uskayaw.
  3540 | D:3      | Found a burning altar of Makhleb.
  3540 | D:3      | Found a glowing silver altar of Zin.
  3541 | D:3      | Noticed an angel
  3541 | D:3      | Noticed a blizzard demon
  3889 | D:4      | Killed from afar by an orc priest

Illustrated notes

Levels and vault maps discovered:
D:1:      lemuel_arrival_muddy, layout_basic, serial_shops, nicolae_shop_stone,
          minmay_small_reverse_x
D:2:      layout_basic, basic_altar, uniq_natasha
D:3:      layout_loops_corners, grunt_temple_overflow_order_and_chaos_2,
          hellmonk_ecumenical_altar_the_god_not_taken
D:4:      layout_rooms, overflow_temple_1_default, uniq_edmund
D:5:      layout_rooms, trog_antimagical, minmay_temple_entry_glass,
          minmay_misc_feat_diagonals, dk_noncrumbling_4, uniq_menkaure

Skill      XL: |  1  2  3  4  5  6  7 |
---------------+----------------------+-----
Armour         | 4 5 6 |  6.6
Shields        | 4 5 |  5.0
Fighting       | 4 |  4.0
Axes           | 3 4 5 6 |  6.0
Throwing       | 1 2 3 4 |  4.0
Invocations    | 2 |  2.5

Action                     |  1- 3 |  4- 6 |  7- 9 || total
---------------------------+-------+-------+-------++-------
  Melee: War axe           |    94 |    86 |    19 ||   199
         Headbutt          |     7 |    16 |     8 ||    31
         Broad axe         |       |       |    24 ||    24
 Invoke: Dark Bargain      |       |       |     1 ||     1
 Armour: Scale mail        |    12 |       |       ||    12
         Plate armour      |    58 |    39 |    18 ||   115
  Dodge: Dodged            |    36 |    35 |    26 ||    97
  Block: Buckler           |    18 |    11 |     7 ||    36
         Kite shield       |       |       |     6 ||     6

Table legend: (Time is in decaauts)
 A = Elapsed time spent in this place.
 B = Non-inter-level travel time spent in this place.
 C = Inter-level travel time spent in this place.
 D = Time resting spent in this place.
 E = Time spent auto-exploring this place.
 F = Levels seen in this place.
 G = Mean time per level.
                   A        B        C        D        E       F      G
               +--------+--------+--------+--------+--------+-----+--------+
         Total |   3982 |   3616 |    366 |      0 |   2804 |   5 |  796.4 |
       Dungeon |   3982 |   3616 |    366 |      0 |   2804 |   5 |  796.4 |
               +--------+--------+--------+--------+--------+-----+--------+

Top non-repeatable levels by time:
     D:2: 1523 daAuts
     D:3: 899 daAuts
     D:1: 894 daAuts
     D:5: 581 daAuts
     D:4: 84 daAuts
